 Dungeon Crawl Stone Soup version 0.21.0 (webtiles) character file.

313 inmateoo the Ruffian (level 6, 0/49 (50) HPs)
             Began as a Ghoul Venom Mage on Jan 7, 2018.
             Slain by an orc warrior
             ... wielding a +0 scimitar
              (18 damage)
             ... on level 5 of the Dungeon.
             The game lasted 00:06:27 (2969 turns).

inmateoo the Ruffian (Ghoul Venom Mage)             Turns: 2969, Time: 00:06:28

HP:   0/49 (50)     AC:  2    Str: 14    XL:     6   Next: 43%
MP:   8/8           EV: 12    Int: 10    God:
Gold: 192           SH:  0    Dex: 13    Spells: 6/9 levels left

rFire    . . .     SeeInvis .     - Unarmed
rCold    + . .     Gourm    .   (no shield)
rNeg     + + +     Faith    .   a - +0 robe
rPois    ∞         Spirit   .   (no helmet)
rElec    .         Reflect  .   (no cloak)
rCorr    .         Harm     .   (no gloves)
MR       .....                  (no boots)
Stlth    ++........             (no amulet)
HPRegen  0.00/turn              l - +4 ring of dexterity
MPRegen  0.11/turn              (no ring)

@: rotting
A: rotting body, claws 1, carnivore, cold resistance 1, negative energy
resistance 3, inhibited regeneration, torment resistance, unbreathing
a: no special abilities


You were on level 5 of the Dungeon.
You were not hungry.

You visited 1 branch of the dungeon, and saw 6 of its levels.

You collected 192 gold pieces.

Inventory:

Armour
 a - a +0 robe (worn)
Jewellery
 l - a +4 ring of dexterity (left claw)
Scrolls
 d - 2 scrolls of enchant armour {unknown}
 e - a scroll of teleportation {unknown}
 f - 3 scrolls of remove curse {unknown}
 g - a scroll of enchant weapon {unknown}
 h - a scroll of amnesia
 j - 2 scrolls of identify {unknown}
Potions
 i - 2 potions of flight {unknown}
 k - 2 potions of heal wounds {unknown}
Books
 b - a Young Poisoner's Handbook

   Spells                             Type                      Level
   a - Sting                          Conjuration/Poison           1
   b - Poisonous Vapours              Poison/Air                   2
   c - Mephitic Cloud                 Conjuration/Poison/Air       3
   d - Olgreb's Toxic Radiance        Poison                       4
   e - Venom Bolt                     Conjuration/Poison           5
Comestibles
 c - 4 rations


   Skills:
 + Level 2.8 Fighting
 - Level 1.7 Dodging
 - Level 2.1 Stealth
 * Level 5.7 Unarmed Combat
 - Level 2.2 Spellcasting
 - Level 0.7 Conjurations
 - Level 3.0 Poison Magic


You had 6 spell levels left.
You knew the following spells:

 Your Spells              Type           Power        Failure   Level  Hunger
a - Sting                 Conj/Pois      #...         14%         1    ##.....
b - Poisonous Vapours     Pois/Air       #.....       26%         2    ###....


Dungeon Overview and Level Annotations

Branches:
Dungeon (6/15)
 Temple: D:4-7

Altars:
Gozag
Hepliaklqana
Uskayaw
Xom
Yredelemnul

Annotations:
D:2 2 transporters


Innate Abilities, Weirdness & Mutations

Your body is rotting away.
You thrive on raw meat.
You are immune to poison.
You have sharp fingernails.
You are carnivorous and can eat meat at any time.
Your flesh is cold resistant. (rC+)
You are immune to negative energy. (rN+++)
You do not regenerate when monsters are visible.
You are immune to unholy pain and torment.
You can survive without breathing.


Message History

Okay, then.
An orc and an orc warrior come into view.
The orc warrior shouts!
The orc shouts!
Found a trident.
You closely miss the orc warrior.
The orc warrior hits you with a scimitar!
Unknown command.
Items here: ( ))) a flail; a hand axe; a short sword; 4 tomahawks You see here a tomahawk.
You see here a falchion.
You see here a robe.
There is an open door here.
You see here 26 stones.
There is an escape hatch in the ceiling here.
There is an open door here.
You see here a thin jewelled staff.
There is a stone staircase leading up here.
The orc warrior hits you with a scimitar!!
You die...

######[<...# #.........
#.#.### #......... #.#o#
#.........
#.#.###############.........
#.#o##...................>..
#.#.##.########.....).......
#.#.##.##.....#.............
#.#.##.##.###.#.............
#.#.##.##.#@#o#####.........
#.#.##.##.#o#.# #.........
#o#.##.##o#.#.# #########.
#.#....##|#o#.# #.
#.#....##.#...# ##
##'#(...##.##### #
#.......##.# #.......##.#
#..........#


You could see an orc warrior and an orc.

Vanquished Creatures
  A bullfrog (D:5)
  Jessica (D:2)
  4 orc wizards
  2 adders
  2 worms (D:3)
  3 dart slugs
  17 orcs
  A giant cockroach (D:2)
  2 gnoll zombies (D:3)
  7 goblins
  8 hobgoblins
  3 quokkas (D:2)
  9 bats
  5 frilled lizards
  6 kobolds
  3 rats
74 creatures vanquished.

Notes
Turn   | Place    | Note
-------+----------+-------------------------------------------
     0 | D:1      | inmateoo the Ghoul Venom Mage began the quest for the Orb.
     0 | D:1      | Reached XP level 1. HP: 14/14 MP: 2/2
   237 | D:1      | Reached skill level 1 in Unarmed Combat
   324 | D:1      | Reached XP level 2. HP: 13/20 MP: 3/3
   410 | D:1      | Reached skill level 2 in Unarmed Combat
   505 | D:1      | Learned a level 2 spell: Poisonous Vapours
   999 | D:2      | Found a hazy altar of Hepliaklqana.
  1013 | D:2      | Noticed Jessica
  1021 | D:2      | Killed Jessica
  1021 | D:2      | Reached skill level 3 in Unarmed Combat
  1021 | D:2      | Reached XP level 3. HP: 21/26 MP: 3/5
  1054 | D:2      | Reached XP level 4. HP: 33/33 MP: 1/6
  1069 | D:2      | Found a transporter.
  1073 | D:2      | Found a hide-covered altar of Uskayaw.
  1073 | D:2      | Found a transporter.
  1169 | D:2      | Found a shimmering altar of Xom.
  1634 | D:2      | HP: 1/34 [something (4)]
  1638 | D:2      | Reached skill level 1 in Fighting
  1638 | D:2      | Reached skill level 4 in Unarmed Combat
  1697 | D:3      | Reached XP level 5. HP: 37/40 MP: 7/7
  1710 | D:3      | Found a faded altar of an unknown god.
  1810 | D:3      | Found an opulent altar of Gozag.
  2339 | D:3      | Found a basalt altar of Yredelemnul.
  2564 | D:4      | Reached skill level 5 in Unarmed Combat
  2622 | D:4      | Reached XP level 6. HP: 27/50 MP: 0/8
  2672 | D:5      | Entered Level 5 of the Dungeon
  2877 | D:5      | Noticed an orc warrior
  2969 | D:5      | Slain by an orc warrior

Skill      XL: |  1  2  3  4  5 |
---------------+----------------+-----
Unarmed Combat | 1 3 4 5 |  5.7
Spellcasting   | 2 |  2.2
Fighting       | 1 2 |  2.8
Dodging        | |  1.7
Stealth        | |  2.1
Conjurations   | |  0.7
Poison Magic   | |  3.0

Action                   |  1- 3 |  4- 6 || total
-------------------------+-------+-------++-------
Melee: Unarmed           |    74 |   166 ||   240
       Punch             |       |     1 ||     1
 Cast: Sting             |     7 |    16 ||    23
       Poisonous Vapours |       |     4 ||     4
  Use: Scroll            |     2 |       ||     2
       Potion            |       |     2 ||     2
 Stab: Sleeping          |     2 |     3 ||     5
  Eat: Chunk             |    15 |    24 ||    39
Armor: Robe              |    23 |    23 ||    46
Dodge: Dodged            |    71 |    54 ||   125
